 Dungeon Crawl Stone Soup version 0.23.2-33-g5129a83 (webtiles) character file.

Game seed: 12993956259914721095

266 seyes the Changer (level 6, 43/43 HPs)
             Began as a Demonspawn Transmuter on Aug 5, 2019.
             Quit the game on level 4 of the Dungeon.
             The game lasted 00:19:11 (3673 turns).

seyes the Changer (Demonspawn Transmuter)           Turns: 3673, Time: 00:19:11

Health: 43/43      AC:  2    Str: 10    XL:     6   Next: 0%
Magic:  5/11       EV: 19    Int: 16    God:
Gold:   126        SH:  0    Dex: 19    Spells: 1/11 levels left

rFire    . . .     SeeInvis .     - Unarmed
rCold    . . .     Gourm    .   (shield currently unavailable)
rNeg     . . .     Faith    .   (armour currently unavailable)
rPois    x         Spirit   +   (helmet currently unavailable)
rElec    .         Reflect  .   (cloak currently unavailable)
rCorr    .         Harm     .   (gloves currently unavailable)
MR       .....                  (boots currently unavailable)
Stlth    ++........             (no amulet)
HPRegen  0.14/turn              (no ring)
MPRegen  0.12/turn              (no ring)

@: spider-form (expiring)
A: tiny, powered by pain 1, magic shield
a: End Transformation


You were on level 4 of the Dungeon.
You were not hungry.
You were a venomous arachnid creature.
You visited 1 branch of the dungeon, and saw 4 of its levels.

You collected 126 gold pieces.

Inventory:

Missiles
 a - 47 arrows
 h - 136 stones (quivered)
 n - 5 tomahawks
Armour
 b - a +0 robe (melded)
 m - a +2 cloak (melded)
Scrolls
 c - a scroll of magic mapping {unknown}
 i - 2 scrolls of remove curse {unknown}
 j - a scroll of fog {unknown}
 k - 3 scrolls of teleportation
 p - a scroll of blinking {unknown}
 q - a scroll of noise {unknown}
 t - a scroll of amnesia {unknown}
Potions
 e - 2 potions of curing {unknown}
 g - 2 potions of brilliance {unknown}
 l - 2 potions of degeneration {unknown}
 o - a potion of flight {unknown}
 r - a potion of heal wounds {unknown}
 s - a potion of ambrosia {unknown}
Comestibles
 d - 6 rations


   Skills:
 - Level 1.0 Fighting
 - Level 1.7 Dodging
 - Level 2.6 Unarmed Combat
 + Level 3.4 Spellcasting
 + Level 4.2 Transmutations
 + Level 0.9 Ice Magic
 + Level 2.2 Poison Magic


You had one spell level left.
You knew the following spells:

 Your Spells              Type           Power        Failure   Level  Hunger
a - Beastly Appendage     Tmut           ###...       11%         1    None
c - Ice Form              Ice/Tmut       ##......     73%         4    ####...
d - Spider Form           Tmut/Pois      ##........   32%         3    ###....
t - Sticks to Snakes      Tmut           ###.....     14%         2    ##.....

Your spell library contained the following spells:

 Spells                   Type           Power        Failure   Level  Hunger
 Blade Hands              Tmut           ###.......   83%         5    ######.


Dungeon Overview and Level Annotations

Branches:
Dungeon (4/15)
 Temple: D:4-7

Altars:
Fedhas
Ru
Vehumet
The Shining One


Innate Abilities, Weirdness & Mutations

((You have razor-sharp toenails.))
((You are partially covered in iridescent scales. (AC +2)))
You sometimes gain a little power by taking damage.
When hurt, damage is shared between your health and your magic reserves.


Message History

Your ball python bites the ogre.
Your transformation is almost over.
Your ball python bites the ogre.
You kill the ogre!
Your Poison Magic skill increases to level 2!
You have reached level 6!
Your experience leads to an increase in your attributes!
Your base attributes are Str 10, Int 15, Dex 14.
Increase (S)trength, (I)ntelligence, or (D)exterity?
You feel clever.
Your demonic ancestry asserts itself...
You feel energised by your suffering.
Unknown command.
Unknown command.
Unknown command.
Unknown command.
Save game and exit?
Welcome back, seyes the Demonspawn Transmuter.
Press ? for a list of commands and other information.
Unknown command.
Are you sure you want to abandon this character and quit the game? (Confirm with "yes".)

#. ......# .########
.._...# .
.....###._8_..#
#.#.##.....(_...#
#.#.##..##......#
#.....S..........
#.##.#S##<.####.#.##
#......##..####
#......s.......
####.########## #.
.# .# ##


You could see a friendly ball python.

Vanquished Creatures
  An ogre (D:4)
  An orc priest (D:3)
  A hound skeleton (D:3)
  4 adders
  4 oozes
  2 worms (D:2)
  3 dart slugs
  2 leopard geckos
  9 orcs
  2 ball pythons
  2 giant cockroaches
  4 goblins
  4 hobgoblins
  2 quokkas
  13 bats
  10 frilled lizards
  10 kobolds
  10 rats
84 creatures vanquished.

Vanquished Creatures (collateral kills)
  An orc (D:2)
1 creature vanquished.

Grand Total: 85 creatures vanquished

Notes
Turn   | Place    | Note
-------+----------+-------------------------------------------
     0 | D:1      | seyes the Demonspawn Transmuter began the quest for the
                  | Orb.
     0 | D:1      | Reached XP level 1. HP: 15/15 MP: 3/3
    69 | D:1      | Reached skill level 2 in Transmutations
   386 | D:1      | Gained mutation: You have sharp toenails. [demonic
                  | ancestry]
   386 | D:1      | Reached XP level 2. HP: 17/21 MP: 5/5
   631 | D:1      | Learned a level 2 spell: Sticks to Snakes
   782 | D:1      | Reached skill level 3 in Transmutations
   868 | D:1      | Gained mutation: You have razor-sharp toenails. [demonic
                  | ancestry]
   868 | D:1      | Reached XP level 3. HP: 20/26 MP: 6/6
  1628 | D:2      | Learned a level 3 spell: Spider Form
  1766 | D:2      | Gained mutation: You are partially covered in iridescent
                  | scales. (AC +2) [demonic ancestry]
  1766 | D:2      | Reached XP level 4. HP: 27/32 MP: 3/7
  2417 | D:3      | Found a faded altar of an unknown god.
  2832 | D:3      | Reached skill level 1 in Poison Magic
  3068 | D:3      | Gained mutation: When hurt, damage is shared between your
                  | health and your magic reserves. [demonic ancestry]
  3068 | D:3      | Reached XP level 5. HP: 37/37 MP: 7/9
  3222 | D:3      | Reached skill level 4 in Transmutations
  3232 | D:3      | Learned a level 4 spell: Ice Form
  3651 | D:4      | Found a blossoming altar of Fedhas.
  3651 | D:4      | Found a glowing golden altar of the Shining One.
  3659 | D:4      | Found a radiant altar of Vehumet.
  3659 | D:4      | Found a sacrificial altar of Ru.
  3659 | D:4      | Noticed an ogre
  3672 | D:4      | Killed an ogre
  3672 | D:4      | Gained mutation: You sometimes gain a little power by
                  | taking damage. [demonic ancestry]
  3672 | D:4      | Reached XP level 6. HP: 43/43 MP: 5/11
  3673 | D:4      | Quit the game

Skill      XL: |  1  2  3  4  5 |
---------------+----------------+-----
Transmutations | 2 3 4 |  4.2
Poison Magic   | 1 2 |  2.2
Spellcasting   | 3 |  3.4
Fighting       | |  1.0
Dodging        | |  1.7
Unarmed Combat | |  2.6
Ice Magic      | |  0.9

Action                   |  1- 3 |  4- 6 || total
-------------------------+-------+-------++-------
Melee: Unarmed           |   133 |   137 ||   270
       Kick              |    31 |    17 ||    48
       Headbutt          |     6 |    18 ||    24
       Punch             |     1 |     3 ||     4
Throw: Stone             |    13 |     9 ||    22
 Cast: Beastly Appendage |    19 |    13 ||    32
       Sticks to Snakes  |     2 |     7 ||     9
       Spider Form       |       |     3 ||     3
 Abil: End Transformatio |       |     1 ||     1
  Use: Scroll            |       |     1 ||     1
 Stab: Sleeping          |     3 |     1 ||     4
  Eat: Chunk             |     3 |     7 ||    10
Armor: Robe              |    28 |    46 ||    74
       Skin              |       |     1 ||     1
Dodge: Dodged            |    75 |    67 ||   142
